 Dungeon Crawl Stone Soup version 0.21.1-1-g345015fe64 (webtiles) character file.

137 Henning the Sneak (level 5, -10/26 HPs)
             Began as a Spriggan Assassin on June 12, 2018.
             Mangled by an ogre
             ... wielding a +0 giant club
              (28 damage)
             ... on level 4 of the Dungeon.
             The game lasted 00:27:17 (3477 turns).

Henning the Sneak (Spriggan Assassin)               Turns: 3477, Time: 00:27:18

Health: -10/26     AC:  3    Str:  7    XL:     5   Next: 0%
Magic:  6/6        EV: 19    Int: 12    God:
Gold:   193        SH:  0    Dex: 19    Spells: 4/4 levels left

rFire    . . .     SeeInvis +   a - +2 dagger
rCold    . . .     Gourm    .   (shield restricted)
rNeg     . . .     Faith    .   c - +0 robe
rPois    .         Spirit   .   (helmet restricted)
rElec    .         Reflect  .   d - +0 cloak
rCorr    .         Harm     .   (gloves unavailable)
MR       .....                  (boots unavailable)
Stlth    ++++......             (no amulet)
HPRegen  0.08/turn              (no ring)
MPRegen  0.10/turn              (no ring)

@: very quick
A: very small, unfitting armour, see invisible, herbivore, speed 3, slow
metabolism 2
a: no special abilities


You were on level 4 of the Dungeon.
You were not hungry.

You visited 1 branch of the dungeon, and saw 4 of its levels.

You collected 193 gold pieces.

Inventory:

Hand Weapons
 a - a +2 dagger (weapon)
 b - a +0 blowgun
Missiles
 e - 30 poisoned needles
 f - 2 curare-tipped needles
Armour
 c - a +0 robe (worn)
 d - a +0 cloak (worn)
Jewellery
 r - a +2 ring of protection {unknown}
Wands
 k - a wand of random effects (23)
Scrolls
 i - a scroll of amnesia {unknown}
 j - 3 scrolls of identify {unknown}
 l - 4 scrolls of teleportation {unknown}
 n - a scroll of immolation {unknown}
 p - a scroll of blinking {unknown}
 q - a scroll of remove curse {unknown}
 s - 2 scrolls of enchant armour {unknown}
 u - a scroll of fear {unknown}
Potions
 h - 2 potions of haste
 m - a potion of magic {unknown}
 o - a potion of invisibility {unknown}
 t - a potion of curing
 v - a potion of flight {unknown}
 w - a potion of degeneration {unknown}
 x - a potion of berserk rage {unknown}
Comestibles
 g - 8 rations


   Skills:
 + Level 2.2 Fighting
 + Level 2.9 Short Blades
 + Level 2.6 Throwing
 + Level 3.3 Dodging
 * Level 7.4 Stealth


You had 4 spell levels left.
You didn't know any spells.

Dungeon Overview and Level Annotations

Branches:
Dungeon (4/15)
 Temple: D:4-7

Altars:
Qazlal

Annotations:
D:3 Timinator's ghost, amateur SpEn


Innate Abilities, Weirdness & Mutations

You are very small and have problems with some larger weapons.
You are too small for most types of armour.
You have supernaturally acute eyesight. (SInv)
You are a herbivore.
You cover ground extremely quickly.
You need consume almost no food.


Message History

Found a ration.
Found a stone staircase leading down.
Found a sapphire potion.
x - a sapphire potion
b - a +0 blowgun (weapon)
Firing (i - inventory. (,) - cycle):
e - 31 poisoned needles (quivered)
Press: ? - help, Shift-Dir - straight line, f - ogre
Aim: an ogre, wielding a giant club You shoot a poisoned needle.
The poisoned needle hits the ogre!
The ogre is poisoned.
a - a +2 dagger (weapon)
You hit the ogre.
The ogre is lightly wounded.
The ogre completely misses you.
You hit the ogre.
The ogre is heavily wounded.
You hit the ogre but do no damage.
The ogre is heavily wounded.
The ogre hits you with a giant club!!
Ouch! That really hurt!
You die...

... ..
#...........# .#
...
.###.o..##.#...#.#
................#
.##..#..####<).##
#.#.#..# #..##
##..O####..#
#.#$%........#
#....o####..#
#.>#..(O@...#
#..#.######.#
#.... .# #..## #..
#. #.


You could see an ogre and an orc.

Vanquished Creatures
  A worker ant (D:2)
  A gnoll (D:1)
  4 adders
  2 dart slugs
  3 leopard geckos
  An orc (D:4)
  4 giant cockroaches
  6 hobgoblins
  3 jackals (D:1)
  A quokka (D:2)
  A ball python (D:1)
  11 bats
  3 frilled lizards (D:1)
  7 goblins
  6 kobolds
  9 rats
63 creatures vanquished.

Notes
Turn   | Place    | Note
-------+----------+-------------------------------------------
     0 | D:1      | Henning the Spriggan Assassin began the quest for the Orb.
     0 | D:1      | Reached XP level 1. HP: 10/10 MP: 2/2
   399 | D:1      | Reached skill level 6 in Stealth
   618 | D:2      | Reached XP level 2. HP: 15/15 MP: 3/3
  1378 | D:1      | Reached XP level 3. HP: 18/18 MP: 4/4
  1520 | D:2      | Found a stormy altar of Qazlal.
  2158 | D:3      | Noticed Timinator's ghost (amateur SpEn)
  2165 | D:3      | Reached XP level 4. HP: 23/23 MP: 5/5
  2319 | D:2      | Reached skill level 7 in Stealth
  3448 | D:4      | Noticed an ogre
  3451 | D:4      | Reached XP level 5. HP: 16/26 MP: 6/6
  3477 | D:4      | Mangled by an ogre

Skill      XL: |  1  2  3  4 |
---------------+-------------+-----
Stealth        | 6 7 |  7.4
Dodging        | 2 3 |  3.3
Fighting       | 2 |  2.2
Short Blades   | |  2.9
Throwing       | |  2.6

Action                   |  1- 3 |  4- 6 || total
-------------------------+-------+-------++-------
Melee: Dagger            |   133 |    58 ||   191
 Fire: Blowgun           |    11 |     1 ||    12
  Use: Potion            |     2 |       ||     2
 Stab: Sleeping          |    15 |    10 ||    25
Armor: Robe              |    19 |     8 ||    27
Dodge: Dodged            |    94 |    57 ||   151
